 Dungeon Crawl Stone Soup version 0.17.1-3-g152610e (webtiles) character file.

429 imbaray the Shield-Bearer (level 6, -1/56 HPs)
             Began as a Minotaur Fighter on Apr 5, 2016.
             Killed from afar by an orc wizard (3 damage)
             ... with a puff of flame
             ... on level 4 of the Dungeon on Apr 6, 2016.
             The game lasted 00:09:14 (2765 turns).

imbaray the Shield-Bearer (Minotaur Fighter)        Turns: 2765, Time: 00:09:15

Health: -1/56      AC: 11    Str: 21    XL:     6   Next: 66%
Magic:  5/5        EV:  6    Int:  5    God:
Gold:   163        SH: 10    Dex: 11    Spells: 0 memorised, 5 levels left

rFire  + . .     SeeInvis .     a - +0 war axe
rCold  x . .     Clarity  .     y - +0 chain mail
rNeg   . . .     SustAt   .     f - +0 shield
rPois  .         Gourm    .     (helmet restricted)
rElec  .         Spirit   .     n - +0 cloak
rCorr  .         Warding  .     (no gloves)
rMut   .         Stasis   .     (no boots)
MR     .....                    (no amulet)
Stlth  ..........               (no ring)
                                o - ring of fire

@: not resistant to hostile enchantments, extremely unstealthy
A: retaliatory headbutt, horns 2
a: no special abilities


You were on level 4 of the Dungeon.
You were hungry.

You visited 1 branch of the dungeon, and saw 4 of its levels.

You collected 163 gold pieces.

Inventory:

Hand Weapons
 a - a +0 war axe (weapon)
Armour
 c - a +0 shield
 f - a +0 shield (worn)
 n - a +0 cloak (worn)
 y - a +0 chain mail (worn)
Jewellery
 o - a ring of fire (left hand)
 z - an uncursed ring of stealth {unknown}
Wands
 t - a wand of fireball (10)
Scrolls
 g - 3 scrolls of identify {unknown}
 i - 2 scrolls of blinking {unknown}
 j - a scroll of random uselessness {unknown}
 l - 3 scrolls of teleportation {unknown}
 p - a scroll of magic mapping {unknown}
 q - 2 scrolls of fear {unknown}
 r - a scroll of enchant armour {unknown}
 v - 3 scrolls of remove curse {unknown}
Potions
 d - a potion of might
 h - 2 potions of curing {unknown}
 k - a potion of flight {unknown}
 s - 3 potions of lignification {unknown}
 u - a potion of resistance {unknown}
 w - a potion of degeneration {unknown}
 x - a potion of agility {unknown}
Comestibles
 b - a meat ration
 e - 2 bread rations
 m - 2 beef jerkies


   Skills:
 + Level 5.1 Fighting
 + Level 4.4 Axes
 + Level 5.6 Armour
 + Level 6.0 Shields


You had 5 spell levels left.
You didn't know any spells.

Dungeon Overview and Level Annotations

Branches:
Dungeon (4/15)
 Temple: D:4-7

Altars:
Gozag
The Shining One

Shops:
D:4 *


Innate Abilities, Weirdness & Mutations

You reflexively headbutt those who attack you in melee.
You have a pair of horns on your head.


Message History

Something hits you but does no damage.
You hear some strange, mumbled words.
A magic dart appears from out of thin air!
The magic dart hits you!
You closely miss something.
Your chain mail prevents you from hitting something.
Something hits you but does no damage. You block its attack.
You hear some strange, mumbled words.
A magic dart appears from out of thin air!
The magic dart hits you!
* * * LOW HITPOINT WARNING * * *
Something hits you but does no damage.
You miss something. You headbutt something! You closely miss something.
Something hits you.
* * * LOW HITPOINT WARNING * * *
Something hits you but does no damage.
You hear some strange, mumbled words.
A puff of flame appears from out of thin air!
The puff of flame hits you! You resist.
You die...

.. .......##...........
.. ....(...............
.. #.....##........... ..
#.................. .....
#........≈#........
...<.##.........#........
#..........(....#........
#............####†.#+####
#...............@..#∩##
.................(.###..
..............)[........
.........................
.........................
..<........#...###.......
.........####.... .......
.........# #.####......
..##.#...# #.# ..[.


There were no monsters in sight!

Vanquished Creatures
  A sky beast (D:4)
  A hound (D:4)
  An orc priest (D:4)
  Ijyb (D:2)
  Terence (D:1)
  A worker ant (D:4)
  Robin (D:2)
  4 adders
  3 oozes
  2 worms
  4 giant geckos
  14 orcs
  3 ball pythons
  12 bats
  2 giant cockroaches (D:1)
  16 goblins
  10 hobgoblins
  8 jackals (D:1)
  4 quokkas
  4 giant newts
  12 kobolds
  2 rats
107 creatures vanquished.

Notes
Turn   | Place    | Note
--------------------------------------------------------------
     0 | D:1      | imbaray the Minotaur Fighter began the quest for the Orb.
     0 | D:1      | Reached XP level 1. HP: 19/19 MP: 0/0
   111 | D:1      | Reached skill level 4 in Shields
   111 | D:1      | Reached XP level 2. HP: 27/27 MP: 1/1
   278 | D:1      | Reached XP level 3. HP: 26/33 MP: 2/2
   450 | D:2      | Found a glowing golden altar of the Shining One.
   450 | D:2      | Noticed Terence
   454 | D:2      | Noticed Robin
   463 | D:1      | Killed Terence
   548 | D:2      | Reached XP level 4. HP: 16/40 MP: 3/3
   920 | D:2      | Killed Robin
  1065 | D:2      | Noticed Ijyb
  1075 | D:2      | Killed Ijyb
  1075 | D:2      | Reached XP level 5. HP: 42/47 MP: 4/4
  1426 | D:3      | Reached skill level 5 in Armour
  1470 | D:3      | Found an opulent altar of Gozag.
  1613 | D:3      | Reached skill level 5 in Shields
  2391 | D:4      | Reached XP level 6. HP: 53/53 MP: 5/5
  2547 | D:4      | Noticed a sky beast
  2566 | D:4      | Killed a sky beast
  2566 | D:4      | Reached skill level 5 in Fighting
  2746 | D:4      | Found Nacsek's General Store.
  2752 | D:4      | Reached skill level 6 in Shields
  2765 | D:4      | HP: 2/56 [something (2)]
  2765 | D:4      | Killed from afar by an orc wizard

Action                   |  1- 3 |  4- 6 || total
-------------------------+-------+-------++-------
Melee: War axe           |    66 |   201 ||   267
  Eat: Bread ration      |       |     1 ||     1
       Pizza             |       |     1 ||     1
